 Dungeon Crawl Stone Soup version 0.22-a0-252-gcace5d2 (webtiles) character file.

109 Amnesiac the Ducker (level 4, -7/24 HPs)
             Began as a Spriggan Fighter on Mar 2, 2018.
             Mangled by Autsider's ghost (13 damage)
             ... on level 3 of the Dungeon.
             The game lasted 00:01:22 (862 turns).

Amnesiac the Ducker (Spriggan Fighter)               Turns: 862, Time: 00:01:23

Health: -7/24      AC:  2    Str: 13    XL:     4   Next: 59%
Magic:  5/5        EV: 19    Int:  9    God:
Gold:   39         SH:  6    Dex: 15    Spells: 3/3 levels left

rFire    . . .     SeeInvis +   a - +0 long sword
rCold    . . .     Gourm    .   c - +0 buckler
rNeg     . . .     Faith    .   b - +0 robe
rPois    .         Spirit   .   (helmet restricted)
rElec    .         Reflect  .   (no cloak)
rCorr    .         Harm     .   (gloves unavailable)
MR       .....                  (boots unavailable)
Stlth    +.........             (no amulet)
HPRegen  0.08/turn              (no ring)
MPRegen  0.09/turn              (no ring)

@: very quick
A: very small, unfitting armour, see invisible, herbivore, speed 3, slow
metabolism 2
a: no special abilities


You were on level 3 of the Dungeon.
You were not hungry.

You visited 1 branch of the dungeon, and saw 4 of its levels.

You collected 39 gold pieces.

Inventory:

Hand Weapons
 a - a +0 long sword (weapon)
 l - a +0 blowgun
Missiles
 i - 90 stones (quivered)
Armour
 b - a +0 robe (worn)
 c - a +0 buckler (worn)
Scrolls
 e - a scroll of identify {!r, unknown}
 g - a scroll of teleportation {!r, unknown}
Potions
 d - a potion of might {!q}
 h - a potion of degeneration {!q, unknown}
 j - a potion of ambrosia {!q, unknown}
 k - a potion of haste {!q, unknown}
 m - a potion of heal wounds {!q, unknown}
 n - a potion of lignification {!q, unknown}
Comestibles
 f - 2 rations


   Skills:
 - Level 3.0 Fighting
 - Level 2.4 Long Blades
 - Level 4.4 Dodging
 + Level 3.2 Shields


You had 3 spell levels left.
You didn't know any spells.

Dungeon Overview and Level Annotations

Branches:
Dungeon (4/15)
 Temple: D:4-7

Altars:
Ru

Annotations:
D:3 Autsider's ghost, novice GrGl


Innate Abilities, Weirdness & Mutations

You are very small and have problems with some larger weapons.
You are too small for most types of armour.
You have supernaturally acute eyesight. (SInv)
You are a herbivore.
You cover ground extremely quickly.
You need consume almost no food.


Message History

You hit the bullfrog.
You kill the bullfrog!
Your Shields skill increases to level 3!
You have reached level 4!
You hit the rat.
You kill the rat!
Things that are here:
a rat corpse; a bullfrog corpse You start resting.
HP restored.
You open the door.
A frilled lizard comes into view.
A frilled lizard is nearby!
A frilled lizard is nearby!
The frilled lizard hisses angrily.
There is an open door here.
You miss the frilled lizard. The frilled lizard bites you.
You slash the frilled lizard!
You kill the frilled lizard!
No target in view!
No target in view!
Found a stone staircase leading up.
No target in view!
A ball python comes into view.
There is an open door here.
A ball python is nearby!
The helpless ball python fails to defend itself.
You hit the ball python.
You kill the ball python!
No target in view!
No target in view!
No target in view!
A leopard gecko comes into view.
A leopard gecko is nearby!
A leopard gecko is nearby!
The leopard gecko hisses angrily.
You block the leopard gecko's attack.
You hit the leopard gecko but do no damage.
You block the leopard gecko's attack. The leopard gecko bites you.
You barely miss the leopard gecko.
The leopard gecko completely misses you.
You riposte.
You hit the leopard gecko.
You kill the leopard gecko!
No target in view!
You see here a leopard gecko corpse.
No target in view!
Found a shield.
No target in view!
You see here a shield.
n - a fuming inky potion {!q} No target in view!
You enter a teleport trap!
The teleport trap disappears.
Your surroundings suddenly seem different.
Autsider's ghost (novice Gargoyle Gladiator) comes into view.
Autsider's ghost misses you.
You hit Autsider's ghost but do no damage.
You block Autsider's ghost's attack.
You miss Autsider's ghost. Autsider's ghost hits you!
You closely miss Autsider's ghost. Autsider's ghost hits you!
* * * LOW HITPOINT WARNING * * *
Autsider's ghost hits you!
Ouch! That really hurt!
You die...

#......# ........ .
#......#####.. ....
.##............# ...
..............+ ...
#............# #. #............#
#. #............# #.
#............# #. #..@...#...###
##. ###.W....#...#######..
#.########...#........ # ....
##.########...#........ ## .....
##.†'....†.'...'...†....
.###...###...########...#........
...#...#.........# #...#........
...#...#########.# #.....†###..#
...##.## #.# #......# #..#


You could see Autsider's ghost.

Vanquished Creatures
  A bullfrog (D:3)
  A hound skeleton (D:2)
  An adder (D:3)
  An ooze (D:3)
  A leopard gecko (D:3)
  A ball python (D:3)
  A bat (D:3)
  A hobgoblin (D:3)
  2 jackals (D:3)
  A quokka (D:2)
  4 frilled lizards (D:3)
  2 kobolds
  4 rats
21 creatures vanquished.

Notes
Turn   | Place    | Note
-------+----------+-------------------------------------------
     0 | D:1      | Amnesiac the Spriggan Fighter began the quest for the Orb.
     0 | D:1      | Reached XP level 1. HP: 11/11 MP: 2/2
   122 | D:2      | Reached XP level 2. HP: 9/16 MP: 3/3
   566 | D:3      | Found a sacrificial altar of Ru.
   581 | D:3      | Reached XP level 3. HP: 18/20 MP: 4/4
   612 | D:3      | Noticed a bullfrog
   631 | D:3      | Killed a bullfrog
   631 | D:3      | Reached XP level 4. HP: 8/24 MP: 5/5
   858 | D:3      | Noticed Autsider's ghost (novice GrGl)
   862 | D:3      | Mangled by Autsider's ghost

Vault maps used:
D:1:      dpeg_arrival_radiant, minmay_unequal
D:2:      bloody_makhleb, grunt_ministairs_5, uniq_robin
D:3:      tgw_sif, minivault_4, nicolae_ru_awakened_eye, uniq_ijyb
D:4:      minmay_temple_entry_mist

Skill      XL: |  1  2  3 |
---------------+----------+-----
Long Blades    | 2 |  2.4
Fighting       | 3 |  3.0
Shields        | 3 |  3.2
Dodging        | |  4.4

Action                   |  1- 3 |  4- 6 || total
-------------------------+-------+-------++-------
Melee: Long sword        |    45 |     9 ||    54
 Stab: Sleeping          |     1 |     1 ||     2
Armor: Robe              |     2 |       ||     2
Dodge: Dodged            |    36 |     2 ||    38
Block: Buckler           |    17 |     3 ||    20
       Rpst.: Long sword |    12 |     1 ||    13

Table legend:
 A = Spawn XP
 B = Non-spawn XP
 C = Spawn XP percentage of total XP
 D = Spawn monster count
 E = Non-spawn monster count
 F = Spawn count percentage of total count
 G = Total turns spent on level
                    A         B        C        D         E        F      G
               +---------+---------+-------+---------+---------+-------+---------
         Total |       0 |     156 |   0.0 |       0 |      21 |   0.0 |   862
               +---------+---------+-------+---------+---------+-------+---------
           D:1 |       0 |       1 |   0.0 |       0 |       1 |   0.0 |    73
           D:2 |       0 |      22 |   0.0 |       0 |       4 |   0.0 |   219
           D:3 |       0 |     133 |   0.0 |       0 |      16 |   0.0 |   563
               +---------+---------+-------+---------+---------+-------+---------
